[Event "Titled Tuesday Blitz June 21 Early 2022"]
[White "Williams, Simon K"]
[Black "Perez Leiva, Jerzy Jesus"]
[WhiteFideId "404454"]
[BlackFideId "3524337"]
[WhiteElo "2468"]
[BlackElo "2287"]
[Result "0-1"]
[Round "07"]
[TimeControl "180+1"]
[Date "2022.06.22"]
[WhiteClock "0:02:09"]
[BlackClock "0:01:53"]

1. d4 Nf6 2. g4 d5 3. g5 Ne4 4. Nf3 c5 5. dxc5 Nc6 6. c4 Qa5+ 7. Nbd2 Qxc5 8. e3 Bg4 9. Be2 e6 10. a3 Be7 11. b4 Qb6 12. c5 Qc7 13. Bb2 O-O 14. Rg1 Bh5 15. Nd4 Qxh2 16. N2f3 Qxf2# 0-1


[Site "https://www.chess.com"]

[Event "Titled Tuesday Blitz June 21 Early 2022"]
[White "Winkels, Marcel"]
[Black "Orlov, Georgi"]
[WhiteFideId "1003887"]
[BlackFideId "2011271"]
[WhiteElo "1900"]
[BlackElo "2482"]
[Result "0-1"]
[Round "07"]
[TimeControl "180+1"]
[Date "2022.06.22"]
[WhiteClock "0:00:02"]
[BlackClock "0:00:45"]

1. e4 d6 2. d4 Nf6 3. Nc3 c6 4. Be2 g6 5. g4 b5 6. g5 Nfd7 7. Be3 Bg7 8. Qd2 Qa5 9. a3 Bb7 10. O-O-O b4 11. Na2 c5 12. dxc5 Bxe4 13. Bf3 Bxb2+ 14. Kxb2 Qxa3+ 15. Ka1 Bxf3 16. Nxf3 Nc6 17. cxd6 e5 18. Qd5 Rc8 19. Nxe5 Ncxe5 20. Bd4 b3 21. cxb3 O-O 22. Bb2 Qa6 23. f4 Nc6 24. Bc3 Rfe8 25. Rhe1 Re2 26. Rxe2 Qxe2 27. Qd2 Qb5 28. Kb2 Nc5 29. Qc2 Rb8 30. Nc1 a5 31. d7 a4 32. b4 Nxd7 33. Rxd7 Nxb4 34. Qd2 Nd5+ 35. Ka3 Qxd7 36. Na2 Qe7+ 37. Nb4 Nxc3 38. Qxc3 Qd6 39. Kxa4 Qxf4 40. Kb3 Qxg5 0-1


[Site "https://www.chess.com"]

[Event "Titled Tuesday Blitz June 21 Early 2022"]
[White "Xu, Yi"]
[Black "Kamsky, Gata"]
[WhiteFideId "8605564"]
[BlackFideId "2000024"]
[WhiteElo "2471"]
[BlackElo "2645"]
[Result "0-1"]
[Round "07"]
[TimeControl "180+1"]
[Date "2022.06.21"]
[WhiteClock "0:00:04"]
[BlackClock "0:00:38"]

1. e4 e5 2. Nf3 Nc6 3. Bc4 Nf6 4. d3 Bc5 5. O-O a6 6. a4 d6 7. c3 Ba7 8. Re1 Ne7 9. Nbd2 Ng6 10. h3 O-O 11. Nf1 c6 12. Bb3 d5 13. Bg5 dxe4 14. dxe4 h6 15. Qxd8 Rxd8 16. Bxf6 gxf6 17. Rad1 Be6 18. Bxe6 fxe6 19. g3 h5 20. h4 Kf7 21. N1d2 b5 22. axb5 axb5 23. Kf1 Bb6 24. Ra1 Ke7 25. Ke2 Nh8 26. b4 Nf7 27. Nb3 Nd6 28. Nfd2 Ra4 29. Reb1 Rda8 30. Kd3 Rxa1 31. Rxa1 Rxa1 32. Nxa1 Bxf2 33. Nf1 f5 34. exf5 Nxf5 35. Nb3 Bxg3 36. Nxg3 Nxg3 37. Nd2 e4+ 38. Ke3 e5 39. c4 Ke6 40. cxb5 cxb5 41. Kf2 e3+ 42. Kxe3 Nf5+ 43. Ke4 Nxh4 44. Nb3 Ng6 45. Nc5+ Kd6 46. Nb7+ Ke7 47. Kf5 h4 48. Nc5 h3 49. Ne4 h2 50. Ng3 Nf4 51. Kxe5 Nd3+ 52. Kd4 Nxb4 53. Kc5 Ke6 54. Kxb5 Ke5 55. Kxb4 Kf4 56. Nh1 Kf3 57. Kc3 Kg2 58. Kd2 Kxh1 0-1


[Site "https://www.chess.com"]

[Event "Titled Tuesday Blitz June 21 Early 2022"]
[White "Yang, Kaiqi"]
[Black "Puranik, Abhimanyu"]
[WhiteFideId "8604398"]
[BlackFideId "5061245"]
[WhiteElo "2373"]
[BlackElo "2520"]
[Result "1-0"]
[Round "07"]
[TimeControl "180+1"]
[Date "2022.06.21"]
[WhiteClock "0:00:14"]
[BlackClock "0:00:02"]

1. d4 Nf6 2. c4 e6 3. Nc3 Bb4 4. e3 O-O 5. Nf3 b6 6. Bd2 Bb7 7. a3 Bxc3 8. Bxc3 d6 9. Bd3 Ne4 10. Rc1 Nd7 11. Nd2 Nxc3 12. Rxc3 e5 13. O-O f5 14. Bb1 a5 15. f4 g6 16. Nf3 Qe7 17. c5 exd4 18. cxd6 Qxd6 19. Nxd4 Qd5 20. Qc2 c5 21. Nb5 Qc6 22. Ba2+ Kh8 23. a4 Nf6 24. Rd3 Rad8 25. Rfd1 Rxd3 26. Rxd3 Ne4 27. Rd6 Qc8 28. Rxb6 Rd8 29. Nd6 Rxd6 30. Rxd6 Kg7 31. Rd1 Qc7 32. h3 Qe7 33. Bd5 Bxd5 34. Rxd5 Nf6 35. Qc3 Kh6 36. Rxc5 Ne4 37. Rc7 1-0


[Site "https://www.chess.com"]

[Event "Titled Tuesday Blitz June 21 Early 2022"]
[White "Yen, William"]
[Black "Harvey, Marcus R"]
[WhiteFideId "30932025"]
[BlackFideId "400092"]
[WhiteElo "1905"]
[BlackElo "2485"]
[Result "0-1"]
[Round "07"]
[TimeControl "180+1"]
[Date "2022.06.22"]
[WhiteClock "0:00:02"]
[BlackClock "0:00:11"]

1. e4 c6 2. d4 d5 3. exd5 cxd5 4. Bd3 Nc6 5. c3 e6 6. f4 Bd6 7. Nf3 Nge7 8. O-O Qc7 9. Na3 a6 10. Nc2 f6 11. Nh4 g6 12. g3 Bd7 13. b4 Na7 14. Bd2 O-O-O 15. a4 Rdg8 16. b5 a5 17. Ne3 g5 18. fxg5 fxg5 19. Nf3 Kb8 20. c4 dxc4 21. Nxc4 Nd5 22. Bxa5 b6 23. Nxd6 Qxd6 24. Bd2 h6 25. a5 bxa5 26. Rxa5 Nc8 27. Qa4 Ncb6 28. Qa2 g4 29. Ne5 Nc7 30. Ra6 Qxd4+ 31. Kh1 Bc8 32. Rxb6+ Qxb6 33. Bc3 Bb7+ 0-1


[Site "https://www.chess.com"]

[Event "Titled Tuesday Blitz June 21 Early 2022"]
[White "Yuan, Qingyu"]
[Black "Leve, Nitai"]
[WhiteFideId "8609772"]
[BlackFideId "2006898"]
[WhiteElo "2359"]
[BlackElo "2144"]
[Result "1-0"]
[Round "07"]
[TimeControl "180+1"]
[Date "2022.06.22"]
[WhiteClock "0:00:45"]
[BlackClock "0:01:48"]

1. e4 c6 2. Nf3 d5 3. Nc3 Nf6 4. e5 Nfd7 5. d4 g6 6. h4 h5 7. e6 fxe6 8. Bd3 Rg8 9. Ne2 c5 10. Nf4 Qa5+ 11. Bd2 Qb6 12. Bxg6+ Kd8 13. Bf7 Nf6 14. Bxg8 Nxg8 15. dxc5 Qxc5 16. Ne5 Bg7 17. Qxh5 Nf6 18. Qf7 Ne4 19. Nfd3 Qxc2 20. Qg8+ Kc7 21. Rc1 Qxc1+ 22. Bxc1 Bxe5 23. Nxe5 1-0


[Site "https://www.chess.com"]

[Event "Titled Tuesday Blitz June 21 Early 2022"]
[White "Yurovskykh, Oleksandr"]
[Black "Adewumi, Tanitoluwa"]
[WhiteFideId "14134020"]
[BlackFideId "30966396"]
[WhiteElo "2292"]
[BlackElo "2538"]
[Result "1-0"]
[Round "07"]
[TimeControl "180+1"]
[Date "2022.06.22"]
[WhiteClock "0:00:17"]
[BlackClock "0:00:08"]

1. d4 Nf6 2. Nf3 e6 3. Bf4 b6 4. e3 Bb7 5. Bd3 Be7 6. h3 O-O 7. O-O d6 8. Bh2 Nbd7 9. c4 Re8 10. Nc3 Bf8 11. Be2 e5 12. Qc2 a6 13. Rfd1 Qc8 14. Rac1 g6 15. b4 exd4 16. Nxd4 Bg7 17. a3 Ne4 18. Nxe4 Bxe4 19. Bd3 Bxd3 20. Qxd3 Qb7 21. Nb3 Rab8 22. Qd5 Qc8 23. Qc6 Be5 24. Bf4 Bxf4 25. exf4 Nf6 26. Re1 Rxe1+ 27. Rxe1 Qd7 28. Nd4 Qxc6 29. Nxc6 Re8 30. Rxe8+ Nxe8 31. Nb8 a5 32. bxa5 bxa5 33. Nc6 a4 34. Ne7+ Kf8 35. Nd5 f5 36. Nc3 Nf6 37. Nxa4 Ne4 38. Nb2 Ke8 39. f3 Nd2 40. Kf2 Kd7 41. Ke2 Nb1 42. a4 Kc6 43. Kd3 Kc5 44. Kc2 Na3+ 45. Kb3 Nb1 46. a5 Nd2+ 47. Kc2 Nf1 48. Kd3 h5 49. h4 Kc6 50. Na4 Kb7 51. Nc3 Kc6 52. Nb5 Kb7 53. Ke2 Ng3+ 54. Kf2 Nh1+ 55. Ke3 Ng3 56. a6+ Kxa6 57. Nxc7+ Kb6 58. Ne8 Kc5 59. Kf2 Nh1+ 60. Ke2 Ng3+ 61. Kd3 Nf1 62. Ng7 d5 63. Ne6+ Kd6 64. cxd5 Kxd5 65. Nf8 Kd6 66. Nxg6 Ke6 67. Ne5 Kf6 68. Nc4 Ng3 69. Nd2 Nh1 70. Ke3 Ng3 71. Kf2 Nh1+ 72. Kg1 Ng3 73. Kf2 Nh1+ 74. Ke1 Ng3 75. Nf1 Nh1 76. Ke2 Ke6 77. Kd2 Kd5 78. Ne3+ Ke6 79. Nc4 Ng3 80. Ke1 Kf6 81. Ne5 Ke6 82. Nc6 Kd6 83. Nd4 Kd5 84. Ne2 Nh1 85. Kf1 Kc4 86. Kg1 Kd3 87. Nc1+ Kd2 88. Kxh1 Kxc1 89. g4 hxg4 90. fxg4 fxg4 91. h5 Kd2 92. Kg2 Ke3 93. h6 Kxf4 94. h7 g3 95. h8=Q 1-0


[Site "https://www.chess.com"]

[Event "Titled Tuesday Blitz June 21 Early 2022"]
[White "Zaloznyy, Mike"]
[Black "Avazkhonov, Alikhon"]
[WhiteFideId "2023075"]
[BlackFideId "14208504"]
[WhiteElo "2003"]
[BlackElo "1739"]
[Result "1-0"]
[Round "07"]
[TimeControl "180+1"]
[Date "2022.06.22"]
[WhiteClock "0:00:08"]
[BlackClock "0:00:06"]

1. Nf3 d5 2. e3 c6 3. c4 e6 4. Nc3 f5 5. b3 Nf6 6. Be2 Bd6 7. a4 Qe7 8. Bb2 O-O 9. Qc1 a5 10. Ba3 Na6 11. Bxd6 Qxd6 12. O-O Bd7 13. cxd5 cxd5 14. Nb5 Bxb5 15. Bxb5 e5 16. Bxa6 Rxa6 17. Qc3 e4 18. Nd4 Ng4 19. g3 Qh6 20. h4 g5 21. Kg2 f4 22. Rh1 fxg3 23. f3 Nf2 24. hxg5 Qxg5 25. f4 Qg4 26. Qc7 Nxh1 27. Rxh1 Qg7 28. Qxg7+ Kxg7 29. f5 Rc8 30. Kxg3 Rf6 31. Kf4 Rcf8 32. Kg5 h6+ 33. Kg4 R8f7 34. Rg1 Kh7 35. Kf4 Rg7 36. Rxg7+ Kxg7 37. Ke5 h5 38. Kxd5 h4 39. Kxe4 h3 40. Nf3 Rh6 41. Nh2 Rh4+ 42. Ke5 Rb4 43. e4 Rxb3 44. d4 Rg3 45. Kf4 Rg2 46. Nf3 h2 47. Nxh2 Rxh2 48. Ke5 Ra2 49. Ke6 Rxa4 50. f6+ Kg6 51. f7 Rxd4 52. f8=Q Rxe4+ 53. Kd5 Rb4 54. Qe8+ Kg5 55. Qe7+ Kf4 56. Qf8+ Ke3 57. Qh6+ Kd3 58. Qh3+ Kc2 59. Qg2+ Kb3 60. Qf3+ Ka4 61. Qd1+ Kb5 62. Qd3+ Kb6 63. Qe3+ Kc7 64. Qe7+ Kb6 65. Qd8+ Ka6 66. Qd6+ b6 67. Qb8 Rb5+ 68. Kc6 Rc5+ 69. Kd6 a4 70. Qa8+ Kb5 71. Qe8+ Kb4 72. Qe4+ Rc4 73. Qe1+ Kb3 74. Qb1+ Kc3 75. Qxb6 Rb4 76. Qa5 Kb3 77. Kc5 Rc4+ 78. Kb5 a3 79. Qa8 Rb4+ 80. Kc5 Ra4 81. Qf3+ Kb2 82. Qe2+ Kb3 83. Qd3+ Kb2 84. Kb5 Ra8 85. Qd4+ Kb1 86. Qe4+ Kb2 87. Qxa8 a2 88. Qg2+ Kb1 89. Kb4 a1=Q 90. Kb3 1-0


[Site "https://www.chess.com"]

[Event "Titled Tuesday Blitz June 21 Early 2022"]
[White "Ziatdinov, Raset"]
[Black "Kozelov, Roman"]
[WhiteFideId "2015323"]
[BlackFideId "14133377"]
[WhiteElo "2220"]
[BlackElo "2149"]
[Result "1-0"]
[Round "07"]
[TimeControl "180+1"]
[Date "2022.06.22"]
[WhiteClock "0:01:20"]
[BlackClock "0:00:35"]

1. d4 d5 2. Nc3 e6 3. Bf4 Nf6 4. e3 Bd6 5. Bxd6 Qxd6 6. Nf3 a6 7. Bd3 Nbd7 8. O-O O-O 9. e4 dxe4 10. Nxe4 Nxe4 11. Bxe4 Nf6 12. Bd3 b5 13. Ne5 Bb7 14. a4 b4 15. Nc4 Qd5 16. Ne3 Qg5 17. f4 Qh5 18. Qxh5 Nxh5 19. g4 Nf6 20. g5 Ne4 21. Rfe1 Rfd8 22. Bxe4 Bxe4 23. Rad1 Rd7 24. c3 Rad8 25. Nc4 Bb7 26. Re5 Bd5 27. Ne3 Bb3 28. Ra1 f6 29. gxf6 gxf6 30. Rc5 Kf7 31. Rc6 e5 32. fxe5 fxe5 33. dxe5 Rd2 34. Rxc7+ Ke6 35. Rc6+ Kxe5 36. Re1 Rg8+ 37. Kh1 Bd5+ 38. Nxd5+ Kxd5 39. Rc7 Rxb2 40. cxb4 Rxb4 41. Rxh7 Rxa4 42. Rh5+ Kd6 43. Rh6+ Kd5 44. Rd1+ Ke4 45. Rh4+ Kf3 46. Rxa4 1-0


[Site "https://www.chess.com"]

[Event "Titled Tuesday Blitz June 21 Early 2022"]
[White "Zierk, Steven"]
[Black "Andreikin, Dmitry"]
[WhiteFideId "2034255"]
[BlackFideId "4158814"]
[WhiteElo "2494"]
[BlackElo "2736"]
[Result "1-0"]
[Round "07"]
[TimeControl "180+1"]
[Date "2022.06.21"]
[WhiteClock "0:01:01"]
[BlackClock "0:00:12"]

1. e4 c5 2. Nf3 e6 3. d4 cxd4 4. Nxd4 Nc6 5. Nc3 a6 6. Be3 Nf6 7. f4 d6 8. Qf3 Bd7 9. O-O-O Qc7 10. Nxc6 Bxc6 11. g4 b5 12. g5 Nd7 13. f5 Ne5 14. Qh3 Bd7 15. fxe6 Bxe6 16. Qg2 g6 17. h4 Bg7 18. h5 O-O 19. Nd5 Bxd5 20. Rxd5 Rfc8 21. Bd4 Qa5 22. Be2 Qxa2 23. Rxd6 Qa1+ 24. Kd2 Qa4 25. c3 b4 26. hxg6 bxc3+ 27. bxc3 hxg6 28. Qh2 Qa2+ 29. Ke3 Qa5 30. Rd5 Rxc3+ 31. Kf2 Ng4+ 32. Bxg4 Bxd4+ 33. Rxd4 Kf8 34. Qh8+ Ke7 35. Qf6+ 1-0


[Site "https://www.chess.com"]

[Event "Titled Tuesday Blitz June 21 Early 2022"]
[White "Aaditya Dhingra"]
[Black "Thiel, Thomas"]
[WhiteFideId "25678191"]
[BlackFideId "4615964"]
[WhiteElo "1849"]
[BlackElo "2241"]
[Result "1/2-1/2"]
[Round "08"]
[TimeControl "180+1"]
[Date "2022.06.21"]
[WhiteClock "0:00:32"]
[BlackClock "0:00:59"]

1. e4 d5 2. exd5 Nf6 3. d4 Nxd5 4. c4 Nb6 5. Nc3 e5 6. d5 Bb4 7. Bd2 Bf5 8. a3 Bxc3 9. Bxc3 O-O 10. Nf3 c6 11. d6 c5 12. Nxe5 Re8 13. Be2 N8d7 14. Nxd7 Qxd7 15. O-O Rad8 16. Bf3 Nxc4 17. Qd5 Nxd6 18. Qxc5 Ne4 19. Bxe4 Bxe4 20. Qg5 Bg6 21. h4 Qf5 22. Qxf5 Bxf5 23. Rfe1 f6 24. f3 Kf7 25. Kf2 Rxe1 26. Rxe1 Be6 27. h5 g6 28. Re4 Rd5 29. Rf4 Rf5 30. hxg6+ hxg6 31. Ra4 a6 32. Rb4 Rb5 33. Rxb5 axb5 34. Ke3 Bc4 35. Kd4 Ke6 36. Kc5 Bf1 37. g3 f5 38. Kb6 Bg2 39. Kxb7 Bxf3+ 40. Kb6 Be2 41. Kc5 g5 42. Bd2 f4 43. gxf4 g4 44. Be1 Kf5 45. b3 Kxf4 46. a4 bxa4 47. bxa4 g3 48. Bxg3+ Kxg3 49. a5 Kf4 50. a6 Bxa6 1/2-1/2


[Site "https://www.chess.com"]

[Event "Titled Tuesday Blitz June 21 Early 2022"]
[White "Adewumi, Tanitoluwa"]
[Black "Hoffmann, Asa"]
[WhiteFideId "30966396"]
[BlackFideId "2001470"]
[WhiteElo "2530"]
[BlackElo "2117"]
[Result "1-0"]
[Round "08"]
[TimeControl "180+1"]
[Date "2022.06.21"]
[WhiteClock "0:00:10"]
[BlackClock "0:00:23"]

1. d4 Nf6 2. c4 c5 3. dxc5 Na6 4. Nc3 Nxc5 5. g3 d6 6. Bg2 g6 7. Nf3 Bg7 8. O-O O-O 9. Re1 Be6 10. b3 Nfe4 11. Nxe4 Bxa1 12. Bh6 Bg7 13. Bxg7 Kxg7 14. Qd4+ f6 15. Nxc5 dxc5 16. Qxc5 Qb6 17. Qxe7+ Rf7 18. Qa3 a5 19. Rd1 Rd8 20. Rc1 Rfd7 21. Rf1 Qb4 22. Qxb4 axb4 23. e3 Rd1 24. Nd4 Rxf1+ 25. Kxf1 Bc8 26. Ke2 Rd6 27. Nc2 b5 28. c5 Rd7 29. Nxb4 Rc7 30. c6 Kf8 31. Kd3 Ke7 32. Nd5+ Kd6 33. Nxc7 Kxc7 34. Kd4 b4 35. Kc5 Bf5 36. Kxb4 1-0


[Site "https://www.chess.com"]

[Event "Titled Tuesday Blitz June 21 Early 2022"]
[White "Agibileg, Uurtsaikh"]
[Black "Ianov, Viktor"]
[WhiteFideId "4901606"]
[BlackFideId "14102730"]
[WhiteElo "2205"]
[BlackElo "2152"]
[Result "1-0"]
[Round "08"]
[TimeControl "180+1"]
[Date "2022.06.21"]
[WhiteClock "0:00:43"]
[BlackClock "0:01:09"]

1. d4 d6 2. Nf3 Bg4 3. e4 Nf6 4. Bd3 c6 5. O-O e6 6. Bg5 Be7 7. Nbd2 d5 8. e5 Nfd7 9. Bxe7 Qxe7 10. h3 Bh5 11. c3 c5 12. Qb1 Nc6 13. Rc1 Bg6 14. Bxg6 hxg6 15. b4 cxd4 16. cxd4 Nb6 17. b5 Na5 18. a4 O-O 19. Rc5 Nbc4 20. Nxc4 Nxc4 21. Qb4 Rfe8 22. a5 Kf8 23. Ng5 Kg8 24. h4 Qd7 25. Rc1 b6 26. axb6 axb6 27. Rc6 Ra2 28. Qb3 Qa7 29. h5 gxh5 30. Qf3 g6 31. Qf6 Qe7 32. Rxe6 fxe6 33. Qxg6+ Kf8 34. Nh7+ Qxh7 35. Qxh7 Re7 36. Qh8+ Kf7 37. Rc3 Nd2 38. Kh2 Nf1+ 39. Kg1 Nd2 40. Rc8 Ra1+ 41. Kh2 Nf1+ 42. Kh3 Ra3+ 43. g3 Nxg3 44. Qg8# 1-0


[Site "https://www.chess.com"]

[Event "Titled Tuesday Blitz June 21 Early 2022"]
[White "Ajay Krishna, S"]
[Black "Agasarov, Benik"]
[WhiteFideId "5096430"]
[BlackFideId "13314823"]
[WhiteElo "2247"]
[BlackElo "2649"]
[Result "1/2-1/2"]
[Round "08"]
[TimeControl "180+1"]
[Date "2022.06.21"]
[WhiteClock "0:00:14"]
[BlackClock "0:00:09"]

1. d4 Nf6 2. c4 e6 3. Nf3 d5 4. g3 Be7 5. Bg2 O-O 6. O-O dxc4 7. Ne5 Nc6 8. Bxc6 bxc6 9. Nxc6 Qe8 10. Nxe7+ Qxe7 11. Qa4 e5 12. dxe5 Qxe5 13. Qxc4 Be6 14. Qc2 Bh3 15. Re1 Bf5 16. Qc3 Qd5 17. f3 Bh3 18. Bf4 Rfe8 19. Nd2 Rad8 20. Nc4 Nh5 21. Be3 Re6 22. Bf2 Rc6 23. b3 Rg6 24. e4 Qc6 25. Qe5 f5 26. exf5 Qxf3 27. Qe4 Qxe4 28. Rxe4 Bxf5 29. Rd4 Rxd4 30. Bxd4 Nf4 31. Re1 Nh3+ 32. Kg2 Ra6 33. a3 Ng5 34. Re5 Be4+ 35. Kf2 Rf6+ 36. Ke2 Bf3+ 37. Ke3 Ne6 38. Bc3 Bc6 39. Ke2 Bf3+ 40. Kd2 Nf8 41. Re3 Rf7 42. Ne5 Bd5 43. Nxf7 Kxf7 44. Bb4 Ne6 45. Kc3 c5 46. Ba5 Nd4 47. b4 Nb5+ 48. Kb2 c4 49. a4 c3+ 50. Kc1 Nd4 51. Rd3 Nb3+ 52. Kc2 Be4 53. Kxc3 Bxd3 54. Kxd3 Nxa5 55. bxa5 Ke6 56. Kc4 Kd6 57. Kb5 Kc7 58. Ka6 Kb8 59. h3 g5 60. g4 h6 61. Kb5 Kb7 62. Kc5 Kc7 63. a6 Kd7 64. Kd5 Kc7 65. a5 Kd7 66. Ke5 Ke7 67. Kf5 Kf7 68. Ke5 Ke7 69. Kd5 Kd7 70. Kc5 Kc7 71. Kd5 Kd7 1/2-1/2


[Site "https://www.chess.com"]

[Event "Titled Tuesday Blitz June 21 Early 2022"]
[White "Alexiadis, Hristos"]
[Black "Joie, Sebastien"]
[WhiteFideId "4249623"]
[BlackFideId "650420"]
[WhiteElo "2416"]
[BlackElo "2397"]
[Result "1-0"]
[Round "08"]
[TimeControl "180+1"]
[Date "2022.06.21"]
[WhiteClock "0:01:43"]
[BlackClock "0:01:25"]

1. d4 d5 2. c4 c6 3. Nf3 Nf6 4. e3 Bf5 5. Nc3 e6 6. Qb3 Qb6 7. Nh4 Qxb3 8. axb3 Bc2 9. c5 Bxb3 10. Bd3 Nbd7 11. f4 Be7 12. Nf3 O-O 13. Nd2 Bc4 14. Nxc4 dxc4 15. Bxc4 b5 16. Bd3 Nd5 17. Ke2 f5 18. Bd2 N7f6 19. Nxd5 Nxd5 20. Ra6 Rfc8 21. Rha1 g5 22. g3 g4 23. Rxa7 Rxa7 24. Rxa7 Kf7 25. e4 fxe4 26. Bxe4 h5 27. f5 exf5 28. Bxd5+ cxd5 29. Bg5 1-0


[Site "https://www.chess.com"]

[Event "Titled Tuesday Blitz June 21 Early 2022"]
[White "Arabidze, Meri"]
[Black "Kobalia, Mikhail"]
[WhiteFideId "13604040"]
[BlackFideId "4119150"]
[WhiteElo "2335"]
[BlackElo "2667"]
[Result "0-1"]
[Round "08"]
[TimeControl "180+1"]
[Date "2022.06.21"]
[WhiteClock "0:00:02"]
[BlackClock "0:00:10"]

1. Nf3 d5 2. g3 Nf6 3. Bg2 c6 4. O-O Bg4 5. d3 Nbd7 6. h3 Bh5 7. g4 Bg6 8. Nh4 e5 9. Nxg6 hxg6 10. e3 Bc5 11. d4 Bd6 12. f4 exf4 13. exf4 Ne4 14. c4 f5 15. Nc3 Ndf6 16. g5 Nxc3 17. bxc3 Ne4 18. cxd5 cxd5 19. c4 dxc4 20. Qa4+ Qd7 21. Qxc4 Rc8 22. Qd5 Be7 23. Qxd7+ Kxd7 24. Re1 Bb4 25. Re2 Rhe8 26. Bb2 Bd6 27. Rae1 Bxf4 28. Bxe4 fxe4 29. Rxe4 Bxg5 30. d5 Rxe4 31. Rxe4 Rc2 32. Bxg7 Rxa2 33. Rg4 Be3+ 34. Kf1 g5 35. Bh6 Rf2+ 36. Ke1 Rf5 37. Ke2 Bf4 38. h4 Rxd5 39. Bxg5 Be5 40. h5 a5 41. h6 b5 42. Be3 Bc3 43. h7 Rh5 44. Rg5 Rxg5 45. Bxg5 a4 46. Kd3 Bg7 47. Kc2 b4 48. Bh6 Bf6 49. Be3 b3+ 50. Kd3 a3 51. Bd4 Bxd4 52. Kxd4 a2 0-1


[Site "https://www.chess.com"]

[Event "Titled Tuesday Blitz June 21 Early 2022"]
[White "Artemenko, Oleg"]
[Black "Chernomordik, Pavel"]
[WhiteFideId "14201798"]
[BlackFideId "2804530"]
[WhiteElo "2287"]
[BlackElo "2220"]
[Result "1-0"]
[Round "08"]
[TimeControl "180+1"]
[Date "2022.06.21"]
[WhiteClock "0:01:40"]
[BlackClock "0:01:28"]

1. e4 g6 2. d4 Bg7 3. Nc3 d6 4. f4 a6 5. a4 b6 6. Nf3 e6 7. Bd3 Ne7 8. e5 d5 9. Ne2 c5 10. c3 Nbc6 11. O-O Rb8 12. Be3 c4 13. Bc2 b5 14. axb5 axb5 15. g4 h5 16. h3 b4 17. Ba4 Bd7 18. Qe1 bxc3 19. bxc3 Rb2 20. Bc1 Rb6 21. Ba3 Qa8 22. Bc5 Ra6 23. Bb5 Rxa1 24. Qxa1 Qxa1 25. Rxa1 O-O 26. Bxe7 Nxe7 27. Bxd7 Rb8 28. Ng5 Rb2 29. Ra8+ Bf8 30. Bxe6 Rxe2 31. Bxf7+ Kg7 32. Be8 hxg4 33. hxg4 Rc2 34. Ba4 Rxc3 35. Ne6+ Kf7 36. Rxf8+ Kxe6 37. Rf6# 1-0


[Site "https://www.chess.com"]

[Event "Titled Tuesday Blitz June 21 Early 2022"]
[White "Avazkhonov, Alikhon"]
[Black "Warchol, Kamil"]
[WhiteFideId "14208504"]
[BlackFideId "21858241"]
[WhiteElo "1739"]
[BlackElo "1951"]
[Result "1-0"]
[Round "08"]
[TimeControl "180+1"]
[Date "2022.06.21"]
[WhiteClock "0:00:54"]
[BlackClock "0:00:04"]

1. d4 Nf6 2. c4 e6 3. Nc3 Bb4 4. e3 c6 5. Nf3 d5 6. Bd3 O-O 7. O-O dxc4 8. Bxc4 b5 9. Bd3 Bb7 10. Qc2 Nbd7 11. Bd2 a6 12. a3 Be7 13. Ne4 c5 14. Nxc5 Nxc5 15. dxc5 Bxc5 16. Qxc5 Qxd3 17. Bc3 Ne4 18. Qd4 Qxd4 19. Bxd4 Rac8 20. Rac1 f6 21. Rfd1 Bd5 22. Ne1 Bb3 23. Rxc8 Rxc8 24. Ra1 e5 25. Bb6 Nd2 26. Ba5 Nc4 27. Bc3 Nd6 28. Nd3 Ne4 29. Rc1 Kf7 30. f3 Nxc3 31. Rxc3 Rxc3 32. bxc3 Bc4 33. Nc5 a5 34. Kf2 Ke7 35. e4 a4 36. Ke3 Kd6 37. Na6 Kc6 38. Nb4+ Kc5 39. g3 Bf1 40. f4 Kc4 41. fxe5 fxe5 42. Nc6 Kxc3 43. Nxe5 b4 44. axb4 a3 45. b5 Bxb5 46. Nf3 a2 47. Nd4 a1=Q 48. Nxb5+ Kb4 49. Nd6 Qc3+ 50. Kf4 Qc5 51. e5 Qc7 52. Ne4 Qe7 53. Kf5 Kb5 54. e6 g6+ 55. Ke5 Kc6 56. g4 Kc7 57. g5 h6 58. gxh6 Kd8 59. Nf6 Qc5+ 60. Nd5 Qc1 61. h7 Qh6 62. e7+ Kd7 63. Nf6+ Kxe7 64. Ng8+ Kf8 65. Nxh6 Kg7 66. Ng4 Kxh7 67. Kf6 1-0


[Site "https://www.chess.com"]

[Event "Titled Tuesday Blitz June 21 Early 2022"]
[White "Begunov, Konstantin"]
[Black "Barbashin, Igor"]
[WhiteFideId "4118510"]
[BlackFideId "4155718"]
[WhiteElo "2262"]
[BlackElo "2138"]
[Result "1-0"]
[Round "08"]
[TimeControl "180+1"]
[Date "2022.06.21"]
[WhiteClock "0:01:45"]
[BlackClock "0:02:10"]

1. d4 Nf6 2. c4 c5 3. Nf3 cxd4 4. Nxd4 g6 5. Nc3 Bg7 6. g3 O-O 7. Bg2 d6 8. O-O a6 9. b3 Qc7 10. Bb2 Nc6 11. Rc1 Bd7 12. Nd5 Qd8 13. Nxf6+ Bxf6 14. Nxc6 Bxc6 15. Bxf6 e6 16. Bxd8 1-0


[Site "https://www.chess.com"]

[Event "Titled Tuesday Blitz June 21 Early 2022"]
[White "Bharath Subramaniyam H"]
[Black "Alinasab, Mobina"]
[WhiteFideId "46634827"]
[BlackFideId "12528897"]
[WhiteElo "2242"]
[BlackElo "2031"]
[Result "1-0"]
[Round "08"]
[TimeControl "180+1"]
[Date "2022.06.21"]
[WhiteClock "0:01:03"]
[BlackClock "0:00:02"]

1. d4 d5 2. Nf3 Nf6 3. c3 g6 4. Bf4 Bg7 5. Nbd2 c5 6. dxc5 Nc6 7. e3 O-O 8. Be2 a5 9. Ne5 a4 10. O-O Nxe5 11. Bxe5 Qa5 12. b4 axb3 13. axb3 Qxa1 14. Qxa1 Rxa1 15. Rxa1 Ne4 16. Bxg7 Kxg7 17. Nxe4 dxe4 18. b4 Rd8 19. Rd1 Rf8 20. Bc4 Bg4 21. Rd4 Ra8 22. h3 Bf5 23. g4 e5 24. Rd6 Bc8 25. Rd8 Kf6 26. Kg2 h5 27. Bb5 hxg4 28. hxg4 Kg5 29. Bd7 Bxd7 30. Rxa8 Kxg4 31. Rb8 Bc6 32. c4 f5 33. b5 Bd7 34. Rxb7 Be6 35. c6 f4 36. c7 f3+ 37. Kg1 1-0


[Site "https://www.chess.com"]

[Event "Titled Tuesday Blitz June 21 Early 2022"]
[White "Bintang, Rasyid A. Hidayat"]
[Black "Li, Zhuoling"]
[WhiteFideId "7105355"]
[BlackFideId "8605629"]
[WhiteElo "2418"]
[BlackElo "2302"]
[Result "0-1"]
[Round "08"]
[TimeControl "180+1"]
[Date "2022.06.21"]
[WhiteClock "0:00:01"]
[BlackClock "0:00:13"]

1. d4 Nf6 2. Bf4 d5 3. e3 g6 4. Nc3 Bg7 5. h4 h6 6. Nf3 c5 7. Nb5 Na6 8. c3 Bd7 9. a4 c4 10. Ne5 Bxb5 11. axb5 Nc7 12. Qa4 O-O 13. Be2 a6 14. bxa6 Rxa6 15. Qd1 Rxa1 16. Qxa1 Ne6 17. Bh2 Ne4 18. Bf3 b5 19. Nc6 Qd7 20. Nb4 Qb7 21. Ke2 Ra8 22. Qb1 f5 23. g4 fxg4 24. Bxg4 Nf8 25. Bf4 e6 26. Bf3 Re8 27. Rg1 Kh7 28. h5 g5 29. Bd6 Nd7 30. Bxe4+ dxe4 31. f3 Nf6 32. f4 g4 33. Be5 Rg8 34. Kf2 Nxh5 35. Bxg7 Rxg7 36. Rh1 g3+ 37. Kg2 Nf6 38. Rh3 Qf7 39. Qh1 Qg6 0-1


[Site "https://www.chess.com"]

[Event "Titled Tuesday Blitz June 21 Early 2022"]
[White "Bluebaum, Matthias"]
[Black "Rohith Krishna S"]
[WhiteFideId "24651516"]
[BlackFideId "46617051"]
[WhiteElo "2556"]
[BlackElo "2117"]
[Result "1-0"]
[Round "08"]
[TimeControl "180+1"]
[Date "2022.06.21"]
[WhiteClock "0:01:44"]
[BlackClock "0:01:38"]

1. d4 Nf6 2. c4 e6 3. Nc3 d5 4. cxd5 exd5 5. Bg5 Nbd7 6. e3 Be7 7. Bd3 O-O 8. h3 c6 9. Qc2 Re8 10. Nf3 Nf8 11. O-O Nh5 12. Bxe7 Qxe7 13. Rfe1 Be6 14. Ne5 f6 15. Nf3 g6 16. Qd2 Rad8 17. e4 dxe4 18. Rxe4 Qf7 19. Rae1 Ng7 20. Bc2 Bxa2 21. Nxa2 Qxa2 22. Qb4 Kh8 23. Rxe8 Rxe8 24. Rxe8 Nxe8 25. Qxf8+ Qg8 26. Qe7 b5 27. Qxa7 Qd5 28. Qe7 Qg8 29. Bb3 1-0


[Site "https://www.chess.com"]